 Dungeon Crawl Stone Soup version 0.27.0-1-g7a089689b8 (webtiles) character file.

Game seed: 16646441037641240950

3776 shadowrider38 the Severer (level 9, -18/105 HPs)
             Began as a Minotaur Berserker on Aug 1, 2021.
             Was an Elder of Trog.
             Demolished by Grum (20 damage)
             ... on level 8 of the Dungeon.
             The game lasted 00:13:01 (8983 turns).

shadowrider38 the Severer (Minotaur Berserker)      Turns: 8983, Time: 00:13:03

Health: -18/105    AC: 17    Str: 25    XL:     9   Next: 95%
Magic:  8/8        EV:  7    Int:  4    God:    Trog [****..]
Gold:   578        SH:  0    Dex: 10    Spells: 8/8 levels left

rFire    . . .     SeeInvis .   a - +0 battleaxe
rCold    . . .     Faith    .   (shield currently unavailable)
rNeg     . . .     Spirit   .   A - +0 plate armour
rPois    .         Reflect  .   (helmet restricted)
rElec    .         Harm     .   n - +2 cloak
rCorr    .         Rampage  .   e - +2 pair of gloves
Will     ++...                  (no boots)
Stlth    ..........             (no amulet)
HPRegen  1.27/turn              (no ring)
MPRegen  0.11/turn              (no ring)

@: berserking, strong-willed, regenerating, very quick
A: horns 2, retaliatory headbutt
a: Renounce Religion, Berserk, Trog's Hand, Brothers in Arms


You were on level 8 of the Dungeon.
You worshipped Trog.
Trog was greatly pleased with you.
You visited 1 branch of the dungeon, and saw 8 of its levels.

You collected 578 gold pieces.

Inventory:

Hand Weapons
 a - a +0 battleaxe (weapon)
Armour
 e - a +2 pair of gloves (worn)
 j - a +0 kite shield
 n - a +2 cloak (worn)
 A - a +0 plate armour (worn)
 C - +0 acid dragon scales
 D - the +1 leather armour of Summertime {rC+}
   (You found it on level 8 of the Dungeon)

   rC:        It protects you from cold.
Wands
 b - a wand of flame (5)
Scrolls
 d - 3 scrolls of magic mapping {unknown}
 f - 2 scrolls of fear {unknown}
 h - 2 scrolls of fog {unknown}
 i - 4 scrolls of teleportation {unknown}
 o - a scroll of amnesia {unknown}
 p - a scroll of summoning {unknown}
 r - a scroll of immolation
 s - a scroll of holy word
 u - a scroll of blinking
 v - a scroll of noise
 y - a scroll of vulnerability
 B - a scroll of acquirement
Potions
 c - 3 potions of degeneration
 k - 3 potions of haste
 l - 2 potions of mutation
 m - 2 potions of curing
 t - a potion of berserk rage
 w - a potion of resistance
 x - a potion of invisibility
 z - a potion of attraction


   Skills:
 - Level 3.6 Fighting
 + Level 15.7 Axes
 - Level 2.4 Armour
 - Level 2.1 Dodging
 - Level 4.2 Shields
 + Level 0.5 Evocations


You had 8 spell levels left.
You didn't know any spells.
Your spell library was empty.

Dungeon Overview and Level Annotations

Branches:
Dungeon (8/15)             Temple (0/1) D:6
   Lair: D:8-11

Altars:
Elyvilon
Wu Jian

Annotations:
D:4 1 runed translucent door, Crazy Yiuf
D:8 Grum


Innate Abilities, Weirdness & Mutations

You have a pair of horns on your head.
You reflexively headbutt those who attack you in melee.


Message History

* * * LOW HITPOINT WARNING * * *
You slice the wyvern!!
You kill the wyvern!
Trog accepts your kill.
You miss the wolf. The wolf closely misses you.
You slash the wolf!
The wolf is moderately wounded.
The wolf closely misses you. Grum hits you but does no damage.
The wolf barely misses you.
You closely miss the wolf. Your headbutt misses the wolf. You miss the wolf.
The wolf bites you but does no damage. x2
You closely miss the wolf. x2; You slash the wolf!
You kill the wolf!
Trog accepts your kill. Grum hits you but does no damage.
The wolf barely misses you.
You closely miss the wolf. Your headbutt misses the wolf.
You closely miss the wolf. The wolf bites you.
* * * LOW HITPOINT WARNING * * *
You completely miss the wolf. Your headbutt misses the wolf.
You slash the wolf! The wolf bites you.
* * * LOW HITPOINT WARNING * * *
The wolf bites you.
* * * LOW HITPOINT WARNING * * *
Grum barely misses you.
You barely miss the wolf. You closely miss the wolf.
The wolf closely misses you. The wolf bites you but does no damage.
The wolf bites you.
* * * LOW HITPOINT WARNING * * *
You hit the wolf. Your headbutt misses the wolf.
The wolf is lightly wounded.
You completely miss the wolf. The wolf closely misses you.
Grum closely misses you. The wolf bites you.
* * * LOW HITPOINT WARNING * * *
You slice the wolf!!
You kill the wolf!
Trog accepts your kill.
You slash the wolf! The wolf bites you.
* * * LOW HITPOINT WARNING * * *
Grum hits you from afar with a -2 spear!!
You die...

.....)..........
+........?+
#.###))##.#...# .........
#.# #.........# .......
#.# ##.).....## ..... ...
#.......# .h. ...
#.##.##.# ######h# ...#
#.##.##.# ##...##l# #.##
#.##.##.###.....#g#
#.##.......@†g..#†##
#.#####.###.h......#######
#. #.# ##.#...........#
..# #...#...#####.# ####
######.## ###


You could see Grum (strong) and a wolf.

Vanquished Creatures
  Maggie (D:8)
  Grinder (D:4)
  2 wyverns
  A steam dragon (D:7)
  Edmund (D:4)
  3 water moccasins
  A black bear (D:6)
  2 orc warriors
  A necrophage (D:6)
  3 ogres
  3 wolves (D:8)
  2 phantoms (D:6)
  3 centaurs
  A kobold brigand (D:8)
  3 scorpions
  A wyvern zombie (D:5)
  3 water moccasin skeletons
  4 wights (D:8)
  2 howler monkeys (D:6)
  A bullfrog zombie (D:3)
  An orc priest (D:7)
  5 hounds
  3 jellies
  A centaur skeleton (D:7)
  3 killer bee zombies
  A hound skeleton (D:5)
  Robin (D:3)
  A howler monkey zombie (D:6)
  A howler monkey skeleton (D:7)
  8 adders
  A white imp (D:6)
  2 ufetubi
  A worm (D:4)
  2 dart slugs
  8 orcs
  5 ball pythons
  4 bats
  12 endoplasms
  2 giant cockroaches (D:2)
  12 goblins
  9 hobgoblins
  15 jackals
  11 kobolds
  4 quokkas
  A jackal skeleton (D:4)
  A quokka skeleton (D:4)
  6 rats
160 creatures vanquished.

Notes
Turn   | Place    | Note
-------+----------+-------------------------------------------
     0 | D:1      | shadowrider38 the Minotaur Berserker began the quest for
                  | the Orb.
     0 | D:1      | Reached XP level 1. HP: 19/19 MP: 0/0
    10 | D:1      | Reached skill level 4 in Axes
    83 | D:1      | Reached XP level 2. HP: 26/26 MP: 1/1
   579 | D:1      | Reached skill level 5 in Axes
   694 | D:1      | Reached ** piety under Trog
   695 | D:1      | Reached XP level 3. HP: 24/31 MP: 2/2
  1300 | D:2      | You fall into a shaft and drop 2 floors!
  1300 | D:4      | Noticed Edmund
  1333 | D:4      | Reached skill level 6 in Axes
  1333 | D:4      | Reached XP level 4. HP: 32/39 MP: 3/3
  1350 | D:4      | Killed Edmund
  1351 | D:4      | Reached skill level 7 in Axes
  1351 | D:4      | Reached XP level 5. HP: 28/45 MP: 4/4
  1567 | D:4      | Noticed Grinder
  1611 | D:4      | Killed Grinder
  1612 | D:4      | Reached skill level 9 in Axes
  1612 | D:4      | Reached XP level 6. HP: 27/51 MP: 5/5
  2041 | D:4      | Reached XP level 7. HP: 57/57 MP: 6/6
  2234 | D:4      | Reached skill level 10 in Axes
  2303 | D:4      | Found a runed translucent door.
  2304 | D:4      | Noticed Crazy Yiuf
  2722 | D:3      | Noticed Robin
  2733 | D:3      | Killed Robin
  2813 | D:3      | Reached *** piety under Trog
  3747 | D:2      | Found a faded altar of an unknown god.
  4203 | D:5      | Entered Level 5 of the Dungeon
  4234 | D:5      | Reached skill level 1 in Shields
  4339 | D:5      | Reached skill level 11 in Axes
  4619 | D:5      | Reached XP level 8. HP: 64/64 MP: 7/7
  4941 | D:5      | Reached skill level 12 in Axes
  5185 | D:5      | Found an ornate altar of the Wu Jian Council.
  5688 | D:6      | Found a staircase to the Ecumenical Temple.
  6200 | D:6      | Reached skill level 13 in Axes
  6281 | D:6      | Reached XP level 9. HP: 70/70 MP: 8/8
  6647 | D:7      | Reached **** piety under Trog
  6965 | D:7      | Reached skill level 14 in Axes
  7894 | D:8      | Found a white marble altar of Elyvilon.
  7921 | D:8      | Noticed Maggie
  7949 | D:8      | Killed Maggie
  7950 | D:8      | Reached skill level 15 in Axes
  8878 | D:8      | Identified the +1 leather armour of Summertime {rC+}
  8889 | D:8      | Identified a scroll of acquirement
  8950 | D:8      | Noticed Grum
  8982 | D:8      | HP: 4/105 [wolf[Grum] (4)]
  8983 | D:8      | Demolished by Grum

Illustrated notes

Levels and vault maps discovered:
D:1:      wander_arrival_lonely_grave, layout_basic, hex_intersection
D:2:      layout_rooms, ebering_ecumenical_altar_rust, minivault_26
D:3:      layout_basic, uniq_robin
D:4:      layout_loops_cross, uniq_grinder, uniq_edmund, uniq_crazy_yiuf_cottage
D:5:      layout_loops_corners, mainiacjoe_overflow_boulevard
D:6:      layout_basic, temple_doors_e
D:7:      layout_gridville
D:8:      layout_loops_corners, gammafunk_temple_overflow_pools,
          mainiacjoe_overflow_concentric_impassable, uniq_pikel, uniq_maggie,
          uniq_grum

Skill      XL: |  1  2  3  4  5  6  7  8  9 |
---------------+----------------------------+-----
Axes           | 4 5 6 7 9 11 13 15 | 15.7
Shields        | 1 4 |  4.2
Fighting       | |  3.6
Armour         | |  2.4
Dodging        | |  2.1
Evocations     | |  0.5

Action                   |  1- 3 |  4- 6 |  7- 9 || total
-------------------------+-------+-------+-------++-------
Melee: Hand axe          |    75 |    44 |   296 ||   415
       Headbutt          |     7 |     8 |    72 ||    87
       Battleaxe         |       |       |    75 ||    75
Invok: Berserk           |       |     3 |     9 ||    12
       Trog's Hand       |       |       |     1 ||     1
Evoke: Wand              |       |       |     3 ||     3
  Use: Scroll            |       |       |    15 ||    15
       Potion            |       |       |     1 ||     1
Armor: Animal skin       |    14 |       |       ||    14
       Chain mail        |    13 |    13 |   160 ||   186
       Plate armour      |       |       |    51 ||    51
Dodge: Dodged            |    55 |    11 |    92 ||   158
Block: Kite shield       |       |       |    96 ||    96
